Cogmind - Beta 17.1 @@@ ROGUE MODE // 2026.09.15 @ 11:45:42 Player: Kamyk Result: Destroyed by H-55 Commando with Gauss Rifle Performance ------------- Evolutions (2) 1000 Regions Visited (6) 1200 Robots Destroyed (23) 115 Value Destroyed (339) 339 Prototype IDs (24) 480 Alien Tech Used (0) 0 Bonus (708) 708 TOTAL SCORE: 3842 Bonus ------- Follower Combat Kills 208 Entered Garrisons 200 Aligned with FarCom 300 Cogmind --------- Core Integrity 0/550 Matter 300/300 Energy 100/100 System Corruption 0% Temperature Cool (0) Movement Core (200) Ox3 Location -8/Garrison Parts ------- > --- POWER (1) -------- (None) > --- PROPULSION (4) --- (None) > --- UTILITY (4) ------ Medium Storage Unit Signal Interpreter > --- WEAPON (2) ------- (None) > --- INVENTORY (10) --- Large Battery (200) Energy Filter Energy Filter Hardened Medium Armor Plating Decoy Drone Bay (16/16) Proton Missile Launcher Proton Missile Launcher Remote Datajack Remote Datajack Peak State ------------ > --- POWER ------------ Light Nuclear Core > --- PROPULSION ------- Carbon-fiber Leg Flight Unit Flight Unit > --- UTILITY ---------- Medium Storage Unit Signal Interpreter Utility Shielding > --- WEAPON ----------- Proton Missile Launcher Remote Datajack > --- INVENTORY -------- Large Battery Compact Matter Pod Energy Filter Energy Filter Hardened Medium Armor Plating Decoy Drone Bay Proton Missile Launcher Remote Datajack Remote Datajack [Rating: 23] Favorites ----------- Power Light Ion Engine Engine Light Ion Engine Power Core Light Nuclear Core Propulsion Aluminum Leg Leg Aluminum Leg Wheel Wheel Flight Unit Flight Unit Utility Medium Storage Unit Storage Medium Storage Unit Processor Signal Interpreter Hackware Hacking Suite Protection Utility Shielding Weapon EM Pulse Gun Energy Gun EM Pulse Gun Ballistic Gun Light Assault Rifle Launcher Proton Missile Launcher Special Weapon Remote Datajack Build | -11 -10 -10 -10 -9 -8 -8 ------- Run | Yrd Mat Min Exi Min Mat Gar Slots Evolved 4 | . . . . . 4 . Power . | . . . . . . . Propulsion 2 | . . . . . 2 . Utility 2 | . . . . . 2 . Weapon . | . . . . . . . Parts Attached 32 | 5 3 2 . 9 12 1 Power 6 | 1 . . . 2 3 . Engine 4 | 1 . . . 2 1 . Core 2 | . . . . . 2 . Reactor . | . . . . . . . Propulsion 12 | 2 . 2 . 4 3 1 Treads . | . . . . . . . Leg 6 | 2 . . . 2 1 1 Wheel 2 | . . 2 . . . . Hover . | . . . . . . . Flight 4 | . . . . 2 2 . Utility 5 | . 3 . . . 2 . Device . | . . . . . . . Storage 1 | . 1 . . . . . Processor 2 | . 2 . . . . . Hackware 1 | . . . . . 1 . Protection 1 | . . . . . 1 . Artifact . | . . . . . . . Weapon 9 | 2 . . . 3 4 . Energy Gun 3 | 1 . . . 2 . . Energy Cannon . | . . . . . . . Ballistic Gun 2 | 1 . . . . 1 . Ballistic Cannon . | . . . . . . . Launcher 1 | . . . . . 1 . Special Weapon 3 | . . . . 1 2 . Impact Weapon . | . . . . . . . Slashing Weapon . | . . . . . . . Piercing Weapon . | . . . . . . . Special Melee Weapon . | . . . . . . . Unidentified Prototypes . | . . . . . . . Parts Lost 19 | . . . . 5 7 7 Power 4 | . . . . 2 1 1 Propulsion 7 | . . . . 1 2 4 Utility 2 | . . . . . 1 1 Weapon 6 | . . . . 2 3 1 Highest Loss Streak 7 | . . . . 5 6 7 To Critical Strikes . | . . . . . . . Average Backups 8 | 1 5 8 9 9 8 9 Power . | . . . 1 . . . Propulsion 1 | 1 2 1 1 1 . . Utility 3 | . 1 2 3 3 4 5 Weapon 2 | . 1 3 3 2 1 2 Tool/Special . | . . . . . . . Unused Backups 12 | . . 1 . . 2 9 Power . | . . . . . . . Propulsion . | . . . . . . . Utility 7 | . . 1 . . 1 5 Weapon 2 | . . . . . . 2 Tool/Special 3 | . . . . . 1 2 Average Slot Usage (%) 84 | . 81 100 100 84 70 67 Engine 10 | . 14 14 14 13 2 . Core 2 | . . . . . 6 7 Leg 15 | . 28 2 . 25 16 10 Wheel 8 | . . 25 28 1 . . Flight 2 | . . . . . 4 14 Storage 11 | . 6 14 14 14 9 9 Processor 11 | . 3 14 14 14 9 9 Protection 2 | . . . . . 8 9 Energy Gun 10 | . 14 14 14 13 5 . Ballistic Gun 5 | . 14 14 14 . . . Special Weapon 1 | . . . . . 3 8 Peak Build Rating 23 | 5 8 8 9 17 23 20 Average Rating 10 | 4 5 7 8 9 17 17 On Entrance 9 | . 5 8 8 9 10 23 Avg Prop Armor Cover (%) 12 | . . . . . 9 14 Naked Turns . | . . . . . . . Heaviest Build 26 | 6 16 16 16 18 26 19 Greatest Support 35 | 20 20 20 20 20 35 10 Greatest Overweight (x) 4 | . . . . 2 4 2 Average Overweight (x) . | . . . . . . 1 Largest Inventory Capacity 10 | 5 10 10 10 10 10 10 Average Capacity 9 | 5 7 10 10 10 10 10 Most Carried 10 | 3 9 10 10 10 10 10 Average Carried 8 | 1 5 8 9 9 9 10 Final Capacity 10 | 5 10 10 10 10 10 10 Final Carried 10 | 3 9 9 10 10 10 10 Class Distribution -------------------- 64% | Mutant 35% | Scavenger-Mutant Dominant Class ---------------- Mutant | -10/Materials Mutant | -10/Mines Mutant | -10/Exiles Scavenger-Mutant | -9/Mines Mutant | -8/Materials Mutant | -8/Garrison Resources | -11 -10 -10 -10 -9 -8 -8 ----------- Run | Yrd Mat Min Exi Min Mat Gar Matter Collected 597 | 227 43 59 . 115 143 10 Remotely . | . . . . . . . Salvage Created 548 | . 211 154 . 82 101 . Parts 40 | . 11 9 . 11 9 . Haulers Intercepted . | . . . . . . . Recyclers Shooed 2 | . . 1 . 1 . . Parts Field Recycled . | . . . . . . . Retrieved Matter . | . . . . . . . Parts Self-Destructed . | . . . . . . . Prevented . | . . . . . . . Parts Restored . | . . . . . . . Kills | -11 -10 -10 -10 -9 -8 -8 ------- Run | Yrd Mat Min Exi Min Mat Gar Combat Hostiles Destroyed 17 | . 5 2 . 5 5 . Guns 16 | . 5 2 . 5 4 . AOE 1 | . . . . . 1 . Classes Destroyed 6 | . 4 1 . . 1 . Worker 2 | . 1 1 . . . . Builder 1 | . . . . . 1 . Tunneler 2 | . . 1 . 1 . . Operator 1 | . 1 . . . . . Swarmer 13 | . 3 . . 5 5 . Grunt 4 | . 2 2 . . . . Best Kill Streak 6 | . 4 6 . 3 4 . Combat Bots Only 5 | . 3 5 . 3 3 . Max Kills in Single Turn 2 | . 1 1 . 1 2 . Gunslinging 1 | . . . . . 1 . Exploded 1 | . . . . . 1 . Melee . | . . . . . . . Uniques/NPCs Destroyed . | . . . . . . . Combat | -11 -10 -10 -10 -9 -8 -8 -------- Run | Yrd Mat Min Exi Min Mat Gar Hostile Shots Fired 285 | . 39 11 . 59 97 79 Missed 81 | . 13 4 . 18 20 26 Hits 204 | . 26 7 . 41 77 53 Projectile 204 | . 26 7 . 41 77 53 Critical Strikes 7 | . . . . . 2 5 Actively Blocked 2 | . . . . . . 2 Damage Taken 2287 | . 275 88 . 359 753 812 Core 784 | . 108 36 . 77 202 361 Absorbed by Shields . | . . . . . . . Redirected to Shielding 54 | . . . . . 7 47 Core Remaining (%) 55 | 100 . . . 11 . . Volleys Fired 75 | . 18 11 . 20 25 1 Largest 2 | . 2 2 . 2 2 1 Hottest 165 | . 60 60 . 65 165 5 Shots Fired 116 | . 36 22 . 24 33 1 Gun 108 | . 36 22 . 21 29 . Cannon . | . . . . . . . Launcher . | . . . . . . . Special 8 | . . . . 3 4 1 Kinetic 49 | . 18 11 . 10 10 . Thermal 27 | . . . . 10 17 . Explosive . | . . . . . . . Electromagnetic 34 | . 18 11 . 1 4 . Robot Hit Streak 7 | . 6 6 . 5 6 7 Robot Miss Streak 7 | . 4 2 . 3 7 . Penetration Max . | . . . . . . . Secondary Targets 3 | . . . . 1 2 . Max Gunslinging Chain 1 | . . . . 1 1 . Shots Hit Robots 62 | . 20 13 . 14 14 1 Core Hits 33 | . 10 8 . 8 7 . Critical Kills . | . . . . . . . Critical Parts Destroyed . | . . . . . . . Critical Strikes . | . . . . . . . Melee Attacks . | . . . . . . . Impact . | . . . . . . . Slashing . | . . . . . . . Piercing . | . . . . . . . Sneak Attacks . | . . . . . . . Combat Hostiles . | . . . . . . . Follow-up Attacks . | . . . . . . . Damage Inflicted 990 | . 275 247 . 150 318 . Guns 762 | . 229 146 . 150 237 . Cannons . | . . . . . . . Explosions 219 | . 46 101 . . 72 . Melee . | . . . . . . . Ramming 9 | . . . . . 9 . Kinetic 334 | . 88 43 . 59 144 . Thermal 346 | . 46 101 . 80 119 . Explosive . | . . . . . . . Electromagnetic 301 | . 141 103 . 11 46 . Impact . | . . . . . . . Slashing . | . . . . . . . Piercing . | . . . . . . . Highest Corruption . | . . . . . . . Average Corruption . | . . . . . . . Corruption Purged . | . . . . . . . Corruption Blocked . | . . . . . . . Overload Shots . | . . . . . . . Overflow Damage 40 | . 16 . . . 24 . Projectiles . | . . . . . . . Explosions 40 | . 16 . . . 24 . Melee . | . . . . . . . Knockbacks . | . . . . . . . Impact . | . . . . . . . Kinetic . | . . . . . . . Secondary . | . . . . . . . Self-Inflicted Damage . | . . . . . . . Shots . | . . . . . . . Rammed . | . . . . . . . Targets Rammed 1 | . . . . . 1 . Kicked 1 | . . . . . 1 . Crushed . | . . . . . . . Highest Temperature 214 | . 132 88 . 102 214 3 Average Temperature 53 | . 46 40 . 30 79 3 Received Heat Transfer 492 | . 105 48 . 33 144 162 Siege Activations . | . . . . . . . Martial Activations . | . . . . . . . Shielding Activations . | . . . . . . . Robots Disrupted . | . . . . . . . Combat Hostiles . | . . . . . . . Robots Corrupted . | . . . . . . . Combat Hostiles . | . . . . . . . Parts Fried . | . . . . . . . Impact Corruptions . | . . . . . . . Robots Melted . | . . . . . . . Combat Hostiles . | . . . . . . . Parts Melted . | . . . . . . . Heat Transferred 546 | . 50 100 . 185 211 . Parts Sabotaged . | . . . . . . . Parts Stolen . | . . . . . . . Parts Stripped . | . . . . . . . Power Chain Reactions 3 | . 1 1 . . 1 . Alert | -11 -10 -10 -10 -9 -8 -8 ------- Run | Yrd Mat Min Exi Min Mat Gar Maximum Alert Level . | . . . . . . . Low Security (%) 100 | 100 100 100 . 100 100 100 Level 1 . | . . . . . . . Level 2 . | . . . . . . . Level 3 . | . . . . . . . Level 4 . | . . . . . . . Level 5 . | . . . . . . . High Security . | . . . . . . . Max Security . | . . . . . . . Peak Influence 149 | . 65 81 . 60 149 127 Initial 81 | . . 25 . . . 81 Average 31 | . 13 17 . 5 66 86 Influence Increases 753 | . 148 66 . 146 347 46 Destroy 0b10 Robot/C 540 | . 100 40 . 120 240 40 Destroy 0b10 Robot/NC 30 | . 10 10 . 5 5 . Destroy Leader 100 | . 20 10 . 20 50 . Allied During Kill 30 | . . . . 1 23 6 Successful Hack 8 | . . . . . 8 . Disable Machine 15 | . 15 . . . . . Destroy Structure 15 | . 3 6 . . 6 . Lose Combat Pursuer 15 | . . . . . 15 . Influence Decreases 736 | . 83 131 . 146 222 154 Entered New Map 84 | . . 40 . . . 44 Time Decay 420 | . 83 91 . 86 160 . Lost Part 172 | . . . . 40 62 70 Lost Ally 60 | . . . . 20 . 40 Squads Dispatched 4 | . 1 . . . 3 . Investigation . | . . . . . . . Extermination . | . . . . . . . Reinforcement 1 | . 1 . . . . . Assault . | . . . . . . . Garrison 3 | . . . . . 3 . Intercept . | . . . . . . . Searches Triggered . | . . . . . . . Construction Impeded . | . . . . . . . Haulers Reinforced . | . . . . . . . Active Scanning Responses . | . . . . . . . Cargo Convoy Interrupts . | . . . . . . . Stealth | -11 -10 -10 -10 -9 -8 -8 --------- Run | Yrd Mat Min Exi Min Mat Gar Distress Signals 1 | . . . . . 1 . Communications Jammed . | . . . . . . . Distress Signals . | . . . . . . . Times Spotted 44 | . 9 2 . 8 20 5 Peak Tracking Total 6 | . 3 2 . 3 6 5 Tactical Retreats 1 | . . . . . 1 . Traps | -11 -10 -10 -10 -9 -8 -8 ------- Run | Yrd Mat Min Exi Min Mat Gar Traps Triggered . | . . . . . . . Indirectly . | . . . . . . . Trap Hack Attempts . | . . . . . . . Triggered . | . . . . . . . Disarmed . | . . . . . . . Reprogrammed . | . . . . . . . Reused . | . . . . . . . Traps Extracted . | . . . . . . . Installed . | . . . . . . . Triggered . | . . . . . . . Machines | -11 -10 -10 -10 -9 -8 -8 ---------- Run | Yrd Mat Min Exi Min Mat Gar Machines Disabled 1 | . 1 . . . . . Max in Single Turn 1 | . 1 . . . . . Machines Repaired . | . . . . . . . Machines Dismantled . | . . . . . . . Machines Sabotaged . | . . . . . . . Overloaded Fab Kills . | . . . . . . . Hacking | -11 -10 -10 -10 -9 -8 -8 --------- Run | Yrd Mat Min Exi Min Mat Gar Machines Accessed 10 | . 1 . 5 1 3 . Terminals 2 | . 1 . . . 1 . Fabricators . | . . . . . . . Repair Stations . | . . . . . . . Recycling Units . | . . . . . . . Scanalyzers 1 | . . . . . 1 . Garrison Access 1 | . . . . . 1 . Total Hacks 58 | . 4 . 45 1 8 . Successful 55 | . 3 . 45 1 6 . Failed 3 | . 1 . . . 2 . Catastrophic . | . . . . . . . Database Lockouts . | . . . . . . . Manual 3 | . . . 3 . . . Terminals 6 | . 4 . . . 2 . Fabricators . | . . . . . . . Repair Stations . | . . . . . . . Recycling Units . | . . . . . . . Scanalyzers 3 | . . . . . 3 . Garrison Access 3 | . . . . . 3 . Terminal Hacks 51 | . 3 . 45 1 2 . Record 46 | . 2 . 44 . . . Open Door 1 | . . . . 1 . . Locate Traps 1 | . . . . . 1 . Transport Status 1 | . 1 . . . . . Zone Layout 1 | . . . . . 1 . Proto ID Catalog 1 | . . . 1 . . . Fabricator Hacks . | . . . . . . . Repair Station Hacks . | . . . . . . . Recycling Unit Hacks . | . . . . . . . Scanalyzer 3 | . . . . . 3 . Insert Component 2 | . . . . . 2 . Retrieve Study 1 | . . . . . 1 . Garrison Access Hacks 1 | . . . . . 1 . Unlock Access 1 | . . . . . 1 . Unauthorized Hacks . | . . . . . . . Terminals . | . . . . . . . Fabricators . | . . . . . . . Repair Stations . | . . . . . . . Recycling Units . | . . . . . . . Scanalyzers . | . . . . . . . Garrison Access . | . . . . . . . Data Cores Recovered 1 | . 1 . . . . . Used . | . . . . . . . Hacking Detections 4 | . 1 . . . 3 . Full Trace Events . | . . . . . . . Feedback Events . | . . . . . . . Feedback Blocked . | . . . . . . . Robot Schematics Acquired . | . . . . . . . Robots Built . | . . . . . . . Authchips . | . . . . . . . Time . | . . . . . . . Total Robot Build Rating . | . . . . . . . Part Schematics Acquired . | . . . . . . . Parts Built . | . . . . . . . Authchips . | . . . . . . . Time . | . . . . . . . Total Part Build Rating . | . . . . . . . Part Studies Acquired 1 | . . . . . 1 . Parts Repaired . | . . . . . . . Time . | . . . . . . . Parts Recycled . | . . . . . . . Recycled Matter . | . . . . . . . Retrieved Matter . | . . . . . . . Retrieved Components . | . . . . . . . Parts Scanalyzed . | . . . . . . . Part Schematics Acquired . | . . . . . . . Parts Damaged . | . . . . . . . Bothacking | -11 -10 -10 -10 -9 -8 -8 ------------ Run | Yrd Mat Min Exi Min Mat Gar Used RIF Installer . | . . . . . . . Robots Hacked 1 | . . . . . . 1 Non-combat . | . . . . . . . Combat 1 | . . . . . . 1 Robot Hacks Applied 1 | . . . . . . 1 parse_system 1 | . . . . . . 1 Relay Couplers Released . | . . . . . . . Fabnet Peak Effective % . | . . . . . . . Robots Rewired . | . . . . . . . Allies Hacked . | . . . . . . . Hacks Repelled . | . . . . . . . Allies | -11 -10 -10 -10 -9 -8 -8 -------- Run | Yrd Mat Min Exi Min Mat Gar Total Allies 4 | . . . . 2 2 . Largest Group 2 | . . . . 2 2 2 Highest-Rated Group 45 | . . . . 24 45 45 Highest-Rated Ally 29 | . . . . 16 29 29 Total Orders . | . . . . . . . Ally Attacks 43 | . . . . 6 26 11 Total Damage 605 | . . . . 71 375 159 Kills 10 | . . . . 1 7 2 Allies Corrupted . | . . . . . . . Allies Melted . | . . . . . . . Field Lobotomies 4 | . . . . 2 2 . Intel | -11 -10 -10 -10 -9 -8 -8 ------- Run | Yrd Mat Min Exi Min Mat Gar Active Infowar (turns) . | . . . . . . . Robot Analysis Total . | . . . . . . . Derelict Logs Recovered 2 | . . 1 . 1 . . Drone Launches . | . . . . . . . Drone Recoveries . | . . . . . . . Exploration | -11 -10 -10 -10 -9 -8 -8 ------------- Run | Yrd Mat Min Exi Min Mat Gar Turns Passed 2742 | 74 294 404 386 792 538 254 Spaces Moved 2160 | 53 190 452 481 602 283 99 Core 3 | 3 . . . . . . Treads . | . . . . . . . Legs 1108 | 50 190 12 . 582 231 43 Wheels 935 | . . 440 481 14 . . Hover . | . . . . . . . Flight 114 | . . . . 6 52 56 Fastest Speed 50 | 50 120 80 80 80 105 190 Average Speed 111 | 116 120 81 80 120 155 199 Slowest Speed 370 | 120 120 120 80 197 370 207 Overloaded Moves . | . . . . . . . Propulsion Burnouts . | . . . . . . . Robots Hopped . | . . . . . . . Potential Cave-ins . | . . . . . . . Cave-ins Triggered . | . . . . . . . Exploration Rate (%) 42 | 3 30 69 74 84 20 20 Regions Visited 6 Branch Regions 3 Pre-discovered Areas 1 | . . . 1 . . . Known Exits Taken 5 | . 1 1 1 1 1 . Unknown Exits Taken 1 | 1 . . . . . . Scrap Searched 1 | . . . . 1 . . Spaces Dug . | . . . . . . . Terrain Destroyed 16 | . 3 8 . . 5 . Melee . | . . . . . . . Projectile 2 | . . . . . 2 . AOE 14 | . 3 8 . . 3 . Terrain Rammed . | . . . . . . . Walls Destroyed . | . . . . . . . Machines Disabled . | . . . . . . . Actions | -11 -10 -10 -10 -9 -8 -8 --------- Run | Yrd Mat Min Exi Min Mat Gar Total 2381 | 65 223 470 481 640 346 156 Wait 59 | . 4 . . . . 55 Move 2154 | 52 189 451 480 601 283 98 Hop . | . . . . . . . Pick Up 40 | 8 8 3 1 5 15 . Fast Attach 6 | . 1 . . . 4 1 Attach 19 | 5 2 . . 4 8 . Detach 1 | . 1 . . . . . Swap 12 | . . 2 . 8 2 . Drop 14 | . . 3 . 2 8 1 Fire 75 | . 18 11 . 20 25 1 Melee . | . . . . . . . Ram . | . . . . . . . Kick 1 | . . . . . 1 . Crush . | . . . . . . . Escape Stasis . | . . . . . . . Rewire . | . . . . . . . Trap . | . . . . . . . Miscellaneous . | . . . . . . . Route ------- -11/Scrapyard -10/Materials -10/Mines (discovered 2 exits: *Mat / *Exi) -10/Exiles (discovered 2 exits: *Min x2) -9/Mines -8/Materials (discovered 3 exits: Fac x2 / Gar) -8/Garrison (discovered 1 exit: *Fac) History --------- Turn | Location | Event 8 | -11/Scrapyard | Discovered new exit (range 15) 75 | -11/Scrapyard | Entered Materials 300 | -10/Materials | Discovered new exit (range 14) 304 | -10/Materials | Build established: Mutant 367 | -10/Materials | Identified exit to Mines 369 | -10/Materials | Entered Mines 373 | -10/Mines | Core integrity fell below 50% 435 | -10/Mines | Learned Materials emergency access door positions 532 | -10/Mines | Discovered new exit (range 7) 535 | -10/Mines | Identified exit to Materials 557 | -10/Mines | Deemed a non-threat by the Exiles lab entrance 557 | -10/Mines | Discovered new exit (range 5) 559 | -10/Mines | Identified exit to Exiles 688 | -10/Mines | Assembled infested the area 773 | -10/Mines | Entered Exiles 793 | -10/Exiles | Discovered new exit (range 14) 802 | -10/Exiles | Identified exit to Mines 820 | -10/Exiles | Met 8R-AWN 833 | -10/Exiles | Met EX-HEX 882 | -10/Exiles | Met EX-DEC 919 | -10/Exiles | Learned location of Zion (-7) 954 | -10/Exiles | Discovered exit to Mines (range 14) 1006 | -10/Exiles | Met EX-BIN 1030 | -10/Exiles | Aligned with FarCom system 1030 | -10/Exiles | Given EX-Vault access code 1068 | -10/Exiles | Opened EX-Vault 1078 | -10/Exiles | Found Field Lobotomy Kit 1100 | -10/Exiles | Warned to stay clear of 0b10 Research branches 1159 | -10/Exiles | Left Exiles lab with Field Lobotomy Kit 1159 | -10/Exiles | Entered Mines 1161 | -9/Mines | Assimilated G-34 Mercenary with FLK Orb 1169 | -9/Mines | Assimilated G-47 Trooper with FLK Orb 1200 | -9/Mines | Core integrity fell below 20% 1230 | -9/Mines | Lost 5 parts (2p1n2w) 1378 | -9/Mines | Found the Drone Emporium 1381 | -9/Mines | Learned 8 Materials zone layouts 1396 | -9/Mines | Found Prototype Device 1468 | -9/Mines | Build established: Scavenger-Mutant 1511 | -9/Mines | Discovered new exit (range 4) 1948 | -9/Mines | Identified exit to Materials 1951 | -9/Mines | Entered Materials 1951 | -8/Materials | Evolved 4 slots: Propulsion x2, Utility x2 1952 | -8/Materials | Identified exit to Factory 2066 | -8/Materials | Identified Decoy Drone Bay 2221 | -8/Materials | Garrison activated, responded to threat 2225 | -8/Materials | Assimilated G-47 Trooper with FLK Orb 2228 | -8/Materials | Assimilated G-50 Soldier with FLK Orb 2256 | -8/Materials | Lost 6 parts (1p2n1u2w) 2377 | -8/Materials | Build established: Mutant 2489 | -8/Materials | Identified exit to Garrison 2489 | -8/Materials | Entered Garrison 2489 | -8/Garrison | Accompanied by 2 allies 2557 | -8/Garrison | Triggered checkpoint 2629 | -8/Garrison | Triggered checkpoint 2666 | -8/Garrison | Discovered exit to Factory (range 11) 2685 | -8/Garrison | Attempted to access garrison exit controls, blocked by remote lockdown 2702 | -8/Garrison | Core integrity fell below 50% 2732 | -8/Garrison | Core integrity fell below 20% 2743 | -8/Garrison | Destroyed by H-55 Commando with Gauss Rifle Last Messages --------------- Soldier 3a destroyed. Trooper 3a destroyed. Jacked Y-45 Defender... >>parse_system Reading system data... EXIT=FOUND: FACTORY Attempting to access garrison exit controls... Remote lockdown engaged. Flight Unit destroyed. Critical hit (Burn: +37). Carbon-fiber Leg+ destroyed. Aluminum Leg destroyed. Critical hit (Burn: +37). Flight Unit destroyed. Lgt. Nuclear Core destroyed. Slug penetrates Wall. Remote Datajack destroyed. Penetrated by Slug. Utility Shielding destroyed. Penetrated by Slug. Map ----- +----------------------------------------------------+ | ???????????????????????????????????????????? | | ???????????????????????????????????????????? | | ##?????????????????????????????????????????? | | #?????????????????????????????????????????? | | ?????????????????????????????????????????? | | ?????????????????????????????????????????? | | #?????????????????????????????????????????? | | #?????????????????????????????????????????? | | "?????????????????????????????????????????? | | "?????????????????????????????????????????? | | "?????????????????????????????????????????? | | "?????????????????????????????????????????? | | #?????????????????????????????????????????? | | [%#############?????????????????????????????? | | [ #?????????????????????????????? | | #?????????????????????????????? | | ########## #?????????????????????????????? | | ####????????# #?????????????????????????????? | | ????????????# #?????????????????????????????? | | ????????????# #?????????????????????????????? | | ????????????# #?????????????????????????????? | | ????????????# #?????????????????????????????? | | ????????????# #?????????????????????????????? | | ????????????# #?????????????????????????????? | | ????????????# ####+########?????????????????? | | ????????????# h @ #?????????????????? | | ????????????# YYYh #?????????????????? | | ???????# ######### < #?????????????????? | | ???????# #######???????# #?????????????????? | | ???????????????????????#####?????????????????? | | ?????????????????????????????????????????????? | | ?????????????????????????????????????????????? | | ?????????????????????????????????????????????? | | ?????????????????????????????????????????????? | | ?????????????????????????????????????????????? | | ?????????????????????????????????????????????? | | ?????????????????????????????????????????????? | | ?????????????????????????????????????????????? | | ?????????????????????????????????????????????? | | ?????????????????????????????????????????????? | | ?????????????????????????????????????????????? | | ?????????????????????????????????????????????? | | ?????????????????????????????????????????????? | | ?????????????????????????????????????????????? | | ?????????????????????????????????????????????? | | ?????????????????????????????????????????????? | | ?????????????????????????????????????????????? | | ?????????????????????????????????????????????? | | ?????????????????????????????????????????????? | | ?????????????????????????????????????????????? | +----------------------------------------------------+ Best States ------------- Heat Dissipation 31 Energy Generation 14 Energy Capacity 250 Matter Stores 300 Matter Capacity 300 Sight Range 16 Terrain Scan Density 10 Utility Shielding 33 Evasion (%) 55 Targeting Accuracy 5 Offensive Hacking 10 Item Schematics ----------------- None Robot Schematics ------------------ None Fabricated ------------ Nothing Repaired ---------- Nothing Studied --------- Carbon-fiber Leg | -8/Materials | Hacked Alien Tech Used ----------------- None Achievements -------------- Librarian Overwhelming Safety First Sixth Sense Tourist Troublemaker Challenges ------------ None Game ------ Seed CoreBehemothLoader Manual? 0 Play Time 00:46:20 Cumulative 3.4 hours Start 2026.09.07 @ 12:25:28 End 2026.09.15 @ 11:45:42 Sessions 19 Manual Loads 0 Difficulty Rogue Special Mode None Game No. 11 Rogue 11 Adventurer 0 Explorer 0 Win Type - Total 0 Types 0/0/0/0/0/0/0/0/0/0 Lore% 5 Gallery% 6 Achievement% 7 Wizard Run 0 Options --------- Layout 0 ASCII 0 Keyboard 0 Movement Mouse Keybinds 0 Fullscreen 2 Font 18/SmallcapsGlow Map View 76x50 Zoom Use 0% Tactical HUD 0 Map Filters NONE Filters NONE Steam 1 RUN: c3a0a052-e2ee-4447-82db-598fca2e7dbc